 Dungeon Crawl Stone Soup version 0.28-a0-1159-g27aa881441 (webtiles) character file.

Game seed: 3434182196152764913

6423 fragbeetle the Grappler (level 10, 0/83 HPs)
             Began as a Black Draconian Transmuter on Dec 15, 2021.
             Was a Believer of Makhleb.
             Killed from afar by an electric eel (12 damage)
             ... with a bolt of electricity
             ... on level 9 of the Dungeon.
             The game lasted 00:32:46 (10198 turns).

fragbeetle the Grappler (DrTm)                     Turns: 10198, Time: 00:32:47

Health: 0/83       AC:  2    Str: 17    XL:     10   Next: 67%
Magic:  15/17      EV: 21    Int: 14    God:    Makhleb [**....]
Gold:   343        SH:  0    Dex: 16    Spells: 5/19 levels left

rFire   . . .      SeeInvis .     - Unarmed
rCold   . . .      Faith    .   (shield currently unavailable)
rNeg    . . .      Spirit   .   (armour unavailable)
rPois   .          Reflect  .   (helmet currently unavailable)
rElec   .          Harm     .   (cloak currently unavailable)
rCorr   .          Rampage  .   (gloves currently unavailable)
Will    .....                   (boots currently unavailable)
Stlth   ++........              (no amulet)
HPRegen 0.23/turn               c - ring of poison resistance
MPRegen 0.15/turn               A - ring of flight

@: spider-form, flying
A: venomous fangs, (breathe lightning), AC +7, tiny, unfitting armour,
(electricity resistance), (cold-blooded)
a: End Transformation, Renounce Religion, Minor Destruction


You were on level 9 of the Dungeon.
You worshipped Makhleb.
Makhleb was pleased with you.
You were a venomous arachnid creature.
You visited 2 branches of the dungeon, and saw 10 of its levels.
You also visited: Ossuary.

You collected 343 gold pieces.

Inventory:

Hand Weapons
 w - a +0 hand crossbow
Missiles
 a - 261 stones
 s - a throwing net
Armour
 B - +0 acid dragon scales
Jewellery
 c - a ring of poison resistance (left front leg)
 h - the ring "Tirch" {Contam rF+ Will+ AC+4 Str+5}
   (You found it on level 4 of the Dungeon)

   [ring of protection]

   AC:        It affects your AC (+4).
   Str:       It affects your strength (+5).
   rF:        It protects you from fire.
   Contam:    It causes magical contamination when unequipped.
   Will:      It increases your willpower.
 A - a ring of flight (right front leg)
Wands
 o - a wand of iceblast (5)
 u - a wand of flame (40)
Scrolls
 d - 2 scrolls of blinking
 e - 2 scrolls of amnesia
 f - 4 scrolls of teleportation
 j - 9 scrolls of noise
 l - 3 scrolls of enchant armour
 n - 3 scrolls of summoning {unknown}
 p - a scroll of fog {unknown}
 r - a scroll of holy word {unknown}
 t - a scroll of enchant weapon {unknown}
 v - a scroll of vulnerability {unknown}
 x - a scroll of fear {unknown}
 y - a scroll of magic mapping {unknown}
Potions
 b - 3 potions of berserk rage
 g - 3 potions of mutation
 i - 4 potions of degeneration
 k - a potion of flight
 q - 2 potions of cancellation
 z - 2 potions of magic {unknown}


   Skills:
 + Level 6.0 Fighting
 + Level 4.8 Dodging
 - Level 0.3 Stealth
 + Level 8.7 Unarmed Combat
 + Level 5.1 Spellcasting
 + Level 0.2 Conjurations
 * Level 7.0 Transmutations
 * Level 5.7 Ice Magic
 + Level 0.3 Air Magic
 * Level 5.9 Poison Magic


You had 5 spell levels left.
You knew the following spells:

 Your Spells              Type           Power      Damage    Failure   Level
a - Beastly Appendage     Tmut           46%        N/A       5%          1
b - Spider Form           Tmut/Pois      21%        N/A       12%         3
c - Ice Form              Ice/Tmut       21%        N/A       28%         4
d - Mephitic Cloud        Conj/Pois/Air  9%         N/A       43%         3
e - Ignite Poison         Fire/Tmut/Pois 15%        N/A       22%         3

Your spell library contained the following spells:

 Spells                   Type           Power      Damage    Failure   Level
 Wereblood                Tmut           23%        N/A       7%          2
 Animate Dead             Necr           1%         N/A       95%         4
 Freezing Cloud           Conj/Ice/Air   4%         6-21      97%         5
 Borgnjor's Vile Clutch   Necr/Erth      1%         N/A       100%        5
 Death Channel            Necr           1%         N/A       100%        6


Dungeon Overview and Level Annotations

Branches:
Dungeon (9/15)             Temple (1/1) D:4            Lair (0/6) D:8
Ossuary (visited)
    Orc: D:9-12

Altars:
Ashenzari
Cheibriados
Dithmenos
Elyvilon
Fedhas
Gozag
Hepliaklqana
Kikubaaqudgha
Makhleb
Nemelex Xobeh
Okawaru
Qazlal
Ru
Trog
Vehumet
Xom
Yredelemnul
Zin

Annotations:
D:8 Gastronok


Innate Abilities, Weirdness & Mutations

You are a venomous arachnid creature.
You have poisonous fangs.
You are tiny and dextrous.
Your spellcasting is less reliable in this form.
Your armour is entirely melded.
You are incapable of wielding weapons or throwing items.
((You can breathe wild blasts of lightning.))
((Your glossy black scales are hard. (AC +7)))
You cannot fit into any form of body armour.
((You are resistant to electric shocks. (rElec)))
((You are cold-blooded and may be slowed by cold attacks.))


Message History

Makhleb accepts your kill.
You see here a howler monkey corpse.
Your transformation is almost over.
You now have 330 gold pieces (gained 12).
As you open the door, it creaks loudly!
There is an open door here.
Your transformation has ended.
Things that are here:
a +0 robe; a +0 dagger You now have 343 gold pieces (gained 13).
Found an escape hatch in the floor.
An electric eel comes into view.
The electric eel shoots out a bolt of lightning at you!
The bolt of electricity hits the plant!
The plant begins to die.
The bolt of electricity misses you.
You turn into a venomous arachnid creature.
The electric eel shoots out a bolt of lightning at you!
The bolt of electricity hits the plant!
The bolt of electricity hits you!
A nearby plant withers and dies.
The electric eel shoots out a bolt of lightning at you!
The bolt of electricity hits you! x2
The bolt of electricity misses the electric eel.
You barely miss the electric eel. You closely miss the electric eel.
The electric eel shoots out a bolt of lightning at you!
The bolt of electricity hits you. The bolt of electricity hits you!
The bolt of electricity hits the electric eel.
The electric eel completely resists.
You bite the electric eel!
The electric eel is poisoned.
The electric eel is heavily wounded.
The electric eel shoots out a bolt of lightning at you!
The bolt of electricity hits you!
* * * LOW HITPOINT WARNING * * *
The bolt of electricity hits you!
* * * LOW HITPOINT WARNING * * *
The bolt of electricity hits the electric eel.
The electric eel completely resists.
The electric eel shoots out a bolt of lightning at you!
The bolt of electricity hits you!
You die...

#...........####.
#.........######.
#................
#................
#....♣..♣♣.......
####..♣♣≈♣♣....##'
#....♣♣♣≈≈♣♣......
#.##♣♣ ♣≈♣♣♣......
#s♣♣♣ ♣≈♣ ♣♣♣♣...
#.S.♣ ≈≈. ...
#..≈≈≈≈..≈ ...
##♣♣♣≈♣≈.≈ ... ♣♣≈
♣♣♣♣♣#..
♣♣≈♣♣.♣♣.... #♣
≈.P♣.##....
###.♣♣≈P♣.##....
#...♣P.♣♣.##....


You could see an electric eel (very poisoned).

Vanquished Creatures
  A death yak (D:9)
  2 two-headed ogres
  A hornet (D:9)
  Sigmund (D:2)
  5 yaks (D:8)
  A wraith (D:9)
  A steam dragon (D:8)
  An acid dragon (D:8)
  Duvessa (D:4)
  2 water moccasins (D:7)
  A black bear (D:4)
  An orc warrior (D:8)
  2 ice beasts
  2 sky beasts
  2 necrophages
  3 centaurs
  An ogre (D:6)
  A bullfrog (D:8)
  5 scorpions
  Dowan (D:4)
  3 howler monkeys
  6 killer bees
  5 wights (D:9)
  A bullfrog zombie (D:6)
  3 centaur zombies
  A jelly (D:7)
  A bullfrog skeleton (D:6)
  2 hounds
  A human zombie (Ossuary)
  3 orc priests
  2 centaur skeletons
  Jessica (D:1)
  3 iguanas
  3 orc wizards
  4 mummies
  9 gnolls
  5 adders
  A shadow imp (D:6)
  A white imp (D:5)
  An ufetubus (D:3)
  An adder skeleton (D:4)
  4 worms
  2 dart slugs (D:2)
  20 orcs
  2 bats (D:1)
  3 endoplasms
  3 giant cockroaches
  3 gnoll zombies (Ossuary)
  6 goblins
  4 hobgoblins
  7 jackals (D:1)
  5 kobolds
  4 quokkas
  7 ball pythons
  3 frilled lizards
  A hobgoblin zombie (Ossuary)
  A kobold zombie (Ossuary)
  4 rats
171 creatures vanquished.

Vanquished Creatures (others)
  2 plants (D:9)
2 creatures vanquished.

Grand Total: 173 creatures vanquished

Notes
Turn   | Place    | Note
-------+----------+-------------------------------------------
     0 | D:1      | fragbeetle the Draconian Transmuter began the quest for the
                  | Orb.
     0 | D:1      | Reached XP level 1. HP: 16/16 MP: 3/3
   221 | D:1      | Reached XP level 2. HP: 15/23 MP: 3/5
   624 | D:1      | Reached XP level 3. HP: 16/29 MP: 6/6
   867 | D:1      | Found a faded altar of an unknown god.
  1368 | D:2      | Noticed Jessica
  1372 | D:1      | Killed Jessica
  1373 | D:1      | Reached XP level 4. HP: 36/36 MP: 5/7
  1384 | D:1      | Learned a level 3 spell: Spider Form
  1640 | D:2      | Noticed Sigmund
  1685 | D:2      | You fall into a shaft and drop 2 floors!
  1686 | D:4      | Noticed Duvessa
  1691 | D:4      | Noticed a scorpion
  1723 | D:4      | Identified the ring "Tirch" {Contam rF+ Will+ AC+4 Str+5}
  1726 | D:4      | Noticed a scorpion
  2200 | D:4      | Found a sand-covered staircase.
  2277 | Ossuary  | Entered an ossuary
  2406 | Ossuary  | Reached XP level 5. HP: 12/41 MP: 9/9
  2645 | Ossuary  | Reached skill level 4 in Unarmed Combat
  2650 | Ossuary  | Learned a level 4 spell: Ice Form
  2738 | Ossuary  | Reached skill level 1 in Poison Magic
  3098 | D:4      | Killed Duvessa
  3099 | D:4      | Reached skill level 1 in Ice Magic
  3099 | D:4      | Reached XP level 6. HP: 37/50 MP: 7/10
  3141 | D:4      | Noticed Dowan
  3293 | D:3      | Learned a level 3 spell: Mephitic Cloud
  3853 | D:4      | Found a staircase to the Ecumenical Temple.
  3863 | Temple   | Entered the Ecumenical Temple
  3911 | Temple   | Became a worshipper of Makhleb the Destroyer
  4004 | D:4      | Your scales start taking on a glossy black colour.
  4004 | D:4      | Reached XP level 7. HP: 42/57 MP: 9/11
  4004 | D:4      | Gained mutation: You are resistant to electric shocks.
                  | (rElec) [Black Draconian growth]
  4178 | D:4      | Reached skill level 5 in Unarmed Combat
  4279 | D:4      | Killed Dowan
  4425 | D:5      | Entered Level 5 of the Dungeon
  4856 | D:5      | Reached XP level 8. HP: 52/66 MP: 11/13
  5117 | D:5      | Reached * piety under Makhleb
  5391 | D:5      | Learned a level 3 spell: Ignite Poison
  5639 | D:6      | Reached skill level 6 in Unarmed Combat
  5656 | D:6      | Reached skill level 5 in Transmutations
  6233 | D:7      | Reached skill level 5 in Fighting
  6233 | D:7      | Reached XP level 9. HP: 26/74 MP: 12/15
  6459 | D:7      | Noticed a four-headed hydra
  6976 | D:7      | Noticed a two-headed ogre
  7149 | D:7      | Killed a two-headed ogre
  7150 | D:7      | Reached skill level 7 in Unarmed Combat
  7946 | D:2      | Killed Sigmund
  8300 | D:8      | Noticed Gastronok
  8573 | D:8      | Noticed a death yak
  8875 | D:8      | Reached skill level 5 in Poison Magic
  8905 | D:8      | Reached ** piety under Makhleb
  8909 | D:8      | Reached XP level 10. HP: 77/83 MP: 16/16
  8918 | D:8      | Reached skill level 5 in Ice Magic
  9122 | D:8      | Reached skill level 8 in Unarmed Combat
  9511 | D:8      | Noticed a death yak
  9512 | D:8      | Found a staircase to the Lair.
  9512 | D:8      | Noticed a death yak
  9520 | D:8      | Noticed a death yak
  9555 | D:9      | Killed a death yak
  9858 | D:9      | Reached skill level 5 in Spellcasting
  9960 | D:9      | Noticed a two-headed ogre
  9970 | D:9      | Killed a two-headed ogre
 10198 | D:9      | Killed from afar by an electric eel

Illustrated notes

Levels and vault maps discovered:
D:1:      dpeg_arrival_rooms_with_view, layout_basic,
          chequers_ecumenical_altar_simple_redux, corexii_hall_statues_u,
          nicolae_wormholes
D:2:      minmay_evil_eye, layout_rooms, uniq_sigmund, uniq_jessica
D:3:      layout_basic, minivault_11, roderic_three_in_a_row
D:4:      layout_rooms, minmay_temple_entry_mini_moons,
          gup_ossuary_entry_pyramid, uniq_duvessa
D:5:      layout_rooms
D:6:      layout_cave_pools
D:7:      layout_cave_pools, corexii_leaking_fountain
D:8:      nicolae_cairo_tiling_large, layout_basic,
          chequers_temple_overflow_statue_of_worship, dpeg_lair_monsters,
          uniq_gastronok
D:9:      layout_basic, serial_bayou, serial_bayou_shore_b, serial_bayou_pond_d,
          serial_bayou_pond_e, serial_bayou_pond_d, serial_bayou_crossing,
          serial_bayou_shore_a
Temple:   compressed_dpeg_circular_temple

Skill      XL: |  1  2  3  4  5  6  7  8  9 10 |
---------------+-------------------------------+-----
Fighting       | 2 3 4 5 6 |  6.0
Dodging        | 2 3 4 |  4.8
Unarmed Combat | 4 5 6 7 8 |  8.7
Transmutations | 3 4 5 6 7 |  7.0
Poison Magic   | 1 2 3 5 |  5.9
Spellcasting   | 3 4 5 |  5.1
Ice Magic      | 1 2 3 4 5 |  5.7
Stealth        | |  0.3
Conjurations   | |  0.2
Air Magic      | |  0.3

Action                   |  1- 3 |  4- 6 |  7- 9 | 10-12 || total
-------------------------+-------+-------+-------+-------++-------
Melee: Unarmed           |    86 |   182 |   243 |    80 ||   591
       Headbutt          |    11 |    22 |     1 |       ||    34
       Kick              |    15 |    40 |     3 |       ||    58
       Tailslap          |    10 |    19 |       |       ||    29
       Punch             |     1 |     1 |     1 |       ||     3
Throw: Stone             |       |       |     2 |       ||     2
 Cast: Beastly Appendage |    20 |    26 |     1 |       ||    47
       Spider Form       |       |     6 |    41 |     4 ||    51
       Ice Form          |       |       |     4 |     3 ||     7
       Mephitic Cloud    |       |       |       |     1 ||     1
 Abil: Breathe Lightning |       |       |     1 |       ||     1
  Use: Scroll            |       |     5 |     5 |       ||    10
       Potion            |       |       |     2 |     1 ||     3
 Stab: Sleeping          |       |     4 |       |       ||     4
Armor: Skin              |    13 |    58 |    33 |     6 ||   110
Dodge: Dodged            |    53 |   187 |   221 |    57 ||   518

Table legend: (Time is in decaauts)
 A = Elapsed time spent in this place.
 B = Non-inter-level travel time spent in this place.
 C = Inter-level travel time spent in this place.
 D = Time resting spent in this place.
 E = Time spent auto-exploring this place.
 F = Levels seen in this place.
 G = Mean time per level.
                   A        B        C        D        E       F      G
               +--------+--------+--------+--------+--------+-----+--------+
         Total |  10170 |  10059 |    111 |   3647 |   2391 |  11 |  924.5 |
       Dungeon |   9320 |   9209 |    111 |   3150 |   2391 |   9 | 1035.6 |
        Temple |     73 |     73 |      0 |      0 |      0 |   1 |   73.0 |
       Ossuary |    776 |    776 |      0 |    497 |      0 |   1 |  776.0 |
               +--------+--------+--------+--------+--------+-----+--------+

Top non-repeatable levels by time:
     D:6: 1424 daAuts
     D:1: 1401 daAuts
     D:4: 1343 daAuts
     D:8: 1112 daAuts
     D:3: 1002 daAuts
     D:9: 914 daAuts
     D:7: 794 daAuts
 Ossuary: 776 daAuts
     D:2: 758 daAuts
     D:5: 569 daAuts
  Temple: 73 daAuts
